 Dungeon Crawl Stone Soup version 0.30-a0-802-gb92711bcdf (webtiles) character file.

Game seed: 11802686508909418674

4844 Jeffwins the Stinger (level 10, -3/90 (105) HPs)
             Began as a Human Wanderer on Feb 24, 2023.
             Was a Believer of Vehumet.
             Slain by a wight
             ... wielding a +0 war axe
              (6 damage)
             ... on level 7 of the Dungeon.
             The game lasted 00:19:25 (7787 turns).

Jeffwins the Stinger (Human Wanderer)               Turns: 7787, Time: 00:19:25

HP:   -3/90 (105)   AC: 25    Str: 12    XL:     10   Next: 78%
MP:   26/26         EV:  2    Int: 16    God:    Vehumet [**....]
Gold: 280           SH:  0    Dex: 14    Spells: 8/19 levels left

rFire   . . .      SeeInvis .    a - +2 sling (flame)
rCold   . . .      Faith    .    (no shield)
rNeg    . . .      Spirit   .    (body armour currently unavailable)
rPois   +          Reflect  .    (helmet currently unavailable)
rElec   .          Harm     .    (cloak currently unavailable)
rCorr   .          Rampage  .    (gloves currently unavailable)
Will    .....      NoTele   +    (boots currently unavailable)
Stlth   +++                      g - amulet of regeneration
HPRegen 1.15/turn                W - ring of magical power
MPRegen 0.20/turn                (no ring)

@: tree-form, heavily drained
A: stationary, stasis, torment immunity, boosted hp
a: Renounce Religion


You were on level 7 of the Dungeon.
You worshipped Vehumet.
Vehumet was pleased with you.
You were a tree.
You visited 2 branches of the dungeon, and saw 8 of its levels.

You collected 280 gold pieces.


   Skills:
 + Level 3.6 Fighting
 * Level 5.7 Ranged Weapons
 + Level 2.5 Throwing
 - Level 1.0 Dodging
 + Level 4.2 Stealth
 * Level 5.0 Spellcasting
 * Level 4.4 Conjurations
 * Level 5.4 Transmutations
 * Level 5.3 Air Magic
 * Level 6.9 Poison Magic
 + Level 3.9 Evocations


You had 8 spell levels left.
You knew the following spells:

 Your Spells              Type           Power      Damage    Failure   Level
m - Mephitic Cloud        Conj/Pois/Air  21%        N/A       4%          3
p - Sting                 Tmut/Pois      92%        1d7       1%          1
z - Poisonous Vapours     Pois/Air       46%        N/A       1%          2
X - Arcjolt               Conj/Air       9%         1d19      50%         5

Your spell library contained the following spells:

 Spells                   Type           Power      Damage    Failure   Level
 Freeze                   Ice            16%        1d4       16%         1
 Vhi's Electric Charge    Tloc/Air       24%        N/A       16%         3
 Maxwell's Capacitive Co  Air            10%        ∞         100%        8

Inventory:

Hand Weapons
 a - a +2 sling of flaming (weapon)
 b - a +0 arbalest
 x - a +1 rapier of venom
 E - a +1 scythe of venom
Missiles
 d - a throwing net {=f}
 e - 5 curare-tipped darts {=f}
 k - 4 poisoned darts
Armour
 m - a +0 cloak (melded)
 z - a +2 robe of resistance (melded)
Jewellery
 c - a ring of ice
 g - an amulet of regeneration (around neck)
 C - a ring of ice
 W - a ring of magical power (left branch)
Scrolls
 j - a scroll of amnesia
 l - a scroll of teleportation {@r4}
 p - a scroll of enchant weapon
 s - a scroll of brand weapon
 v - a scroll of vulnerability {!r}
 w - a scroll of immolation {!r}
 y - 2 scrolls of blinking
 D - a scroll of summoning
Potions
 f - a potion of ambrosia
 i - 3 potions of mutation {unknown}
 n - 2 potions of heal wounds {unknown}
 o - 3 potions of cancellation {unknown}
 r - a potion of degeneration {unknown}
 t - 4 potions of curing {@q1}
 u - 3 potions of might
 A - a potion of brilliance {unknown}
 B - a potion of attraction {unknown}

Dungeon Overview and Level Annotations

Branches:
Dungeon (7/15)             Temple (1/1) D:5

Altars:
Ashenzari
Cheibriados
Dithmenos
Fedhas
Gozag
Hepliaklqana
Kikubaaqudgha
Makhleb
Nemelex Xobeh
Okawaru
Qazlal
Ru
Sif Muna
Trog
Uskayaw
Vehumet
Wu Jian
Xom
Yredelemnul
Zin
The Shining One

Portals:
Abyss: D:3

Annotations:
D:3 2 transporters, 1 runed translucent door, baal32's ghost, amateur MiFi

####### #.....#
#.###.# #.# #.#
#.###.# #.#...#
#.#.#####
####.#.#...# #
#♣##.#.....# #.
#z##...#.#.## # #.
#)###..#.#..#
##.#..#...#.......#
......#...#.##..).#
#......#.##...<#
#.##..##.##.#### #
#.#.##.##.# ..
#.......#.#


You could see a wight.


Message History

The sling bullet burns the wight.
The wight is almost destroyed.
The wight hits you with a +0 war axe!
* * * LOW HITPOINT WARNING * * *
You feel drained.
* * * LOW HITPOINT WARNING * * *
You shoot a sling bullet.
The sling bullet hits the wight but does no damage.
The wight is almost destroyed.
The wight hits you with a +0 war axe!
* * * LOW HITPOINT WARNING * * *
You feel drained.
* * * LOW HITPOINT WARNING * * *
The wight hits you but does no damage.
You shoot a sling bullet.
The sling bullet hits the wight but does no damage.
The wight is almost destroyed.
The wight hits you with a +0 war axe!
* * * LOW HITPOINT WARNING * * *
Unknown command.
There's nothing to close nearby.
You aren't carrying any items that you can evoke.
Unknown command.
Really quaff
q - a potion of lignification {!q}?
Really quaff the potion of lignification?
You turn into a tree.
Your +0 cloak melds into your body.
Your +2 robe of resistance melds into your body.
You feel hot and cold all over.
Your roots penetrate the ground.
The wight hits you with a +0 war axe.
You die...

Skill      XL: |  1  2  3  4  5  6  7  8  9 10 |
---------------+-------------------------------+-----
Transmutations | 1 2 3 4 5 |  5.4
Air Magic      | 1 2 3 4 5 |  5.3
Fighting       | 1 2 3 |  3.6
Spellcasting   | 2 3 4 5 |  5.0
Ranged Weapons | 3 4 5 |  5.7
Stealth        | 2 3 4 |  4.2
Poison Magic   | 5 6 |  6.9
Evocations     | 2 3 |  3.9
Conjurations   | 1 2 3 4 |  4.4
Throwing       | 1 2 |  2.5
Dodging        | |  1.0

Action                     |  1- 3 |  4- 6 |  7- 9 | 10-12 || total
---------------------------+-------+-------+-------+-------++-------
  Melee: Rapier            |       |       |    17 |       ||    17
         Punch             |       |       |     1 |       ||     1
   Fire: Sling             |    95 |   162 |   516 |   121 ||   894
         Arbalest          |       |       |       |    10 ||    10
   Cast: Poisonous Vapours |       |    11 |   137 |    77 ||   225
         Mephitic Cloud    |       |       |     2 |     2 ||     4
         Sting             |       |       |     1 |       ||     1
  Evoke: Wand              |     5 |       |     2 |       ||     7
    Use: Scroll            |       |       |    14 |     3 ||    17
         Potion            |       |       |     2 |     1 ||     3
 Armour: Robe              |    13 |    45 |   117 |    18 ||   193
  Dodge: Dodged            |    34 |    64 |   269 |    58 ||   425

Levels and vault maps discovered:
D:1:      eino_arrival_water_star, layout_loops_ring,
          ebering_ecumenical_altar_hall, minivault_4
D:2:      layout_basic, uniq_jessica
D:3:      layout_loops_ring, nicolae_overflow_crystal_walls,
          dk_yredelemnul_ordeal, gammafunk_ghost_abyssal_escape
D:4:      layout_rooms, nicolae_sif_muna_little_library, wad_orctagon
D:5:      layout_basic, kennysheep_vampire_church, marbit_many_paths,
          mainiacjoe_overflow_brackets, minmay_temple_entry_hall, uniq_grinder,
          uniq_blork_the_orc, uniq_sigmund
D:6:      lemuel_castle_with_subvaults [lemuel_castle_interior_carwin_1],
          layout_loops_ring, lemuel_crystal_altar
D:7:      layout_basic, elyvilon_altar_5, minivault_22
Temple:   jpeg_temple_clearing

Notes
Turn   | Place    | Note
-------+----------+-------------------------------------------
     0 | D:1      | Jeffwins the Human Wanderer began the quest for the Orb.
     0 | D:1      | Jeffwins set off with the following items: a +0 sling, a
                  | wand of flame (7), a potion of might, a +0 robe; and the
                  | following spell memorised: Sting; and the following spells
                  | available to memorise: Poisonous Vapours, Mephitic Cloud.
     0 | D:1      | Reached XP level 1. HP: 13/13 MP: 2/2
   141 | D:1      | Reached XP level 2. HP: 19/19 MP: 3/3
   143 | D:1      | Found a faded altar of an unknown god.
   229 | D:1      | Learned a level 2 spell: Poisonous Vapours
   343 | D:1      | HP: 1/19 [gnoll/+0 club (4)]
   345 | D:1      | Reached skill level 1 in Transmutations
   345 | D:1      | Reached XP level 3. HP: 3/24 MP: 4/4
   863 | D:2      | Noticed Jessica
   865 | D:2      | Reached XP level 4. HP: 21/31 MP: 6/6
   868 | D:2      | Killed Jessica
  1416 | D:3      | Found a stormy altar of Qazlal.
  1516 | D:3      | Reached skill level 1 in Air Magic
  1541 | D:3      | Found a transporter.
  1547 | D:3      | Found a transporter.
  1570 | D:3      | Noticed an ancient zyme
  1650 | D:3      | Noticed a small abomination
  1662 | D:3      | Reached XP level 5. HP: 36/36 MP: 7/7
  1685 | D:3      | Found a runed translucent door.
  1685 | D:3      | Noticed a human
  1711 | D:3      | Reached skill level 1 in Fighting
  1716 | D:3      | Found a basalt altar of Yredelemnul.
  1734 | D:3      | Found a one-way gate to the infinite horrors of the Abyss.
  1734 | D:3      | Noticed baal32's ghost (amateur MiFi)
  1867 | D:3      | Noticed a small abomination
  2133 | D:4      | Reached skill level 2 in Spellcasting
  2157 | D:4      | Noticed a hornet
  2163 | D:4      | Paralysed by a hornet for 1 turns
  2164 | D:4      | Killed a hornet
  2165 | D:4      | Reached skill level 3 in Ranged Weapons
  2165 | D:4      | Reached skill level 2 in Stealth
  2165 | D:4      | Reached skill level 2 in Transmutations
  2165 | D:4      | Reached XP level 6. HP: 27/43 MP: 0/9
  2169 | D:4      | Reached skill level 2 in Air Magic
  2169 | D:4      | Reached XP level 7. HP: 37/48 MP: 1/10
  2285 | D:4      | Reached skill level 5 in Poison Magic
  2695 | D:4      | Found a shimmering blue altar of Sif Muna.
  2719 | D:4      | Learned a level 3 spell: Mephitic Cloud
  2723 | D:5      | Entered Level 5 of the Dungeon
  2736 | D:5      | Found a staircase to the Ecumenical Temple.
  2750 | D:5      | Noticed Blork the orc
  2758 | D:5      | Killed Blork the orc
  2759 | D:5      | Reached skill level 2 in Evocations
  2984 | D:5      | Reached skill level 3 in Transmutations
  3029 | D:5      | Noticed Sigmund
  3065 | D:4      | Reached skill level 1 in Conjurations
  3065 | D:4      | Reached XP level 8. HP: 47/56 MP: 1/12
  3156 | D:5      | Killed Sigmund
  3157 | D:5      | Reached skill level 2 in Fighting
  3157 | D:5      | Reached skill level 3 in Spellcasting
  3335 | D:5      | Reached skill level 3 in Air Magic
  3521 | D:5      | Found a hide-covered altar of Uskayaw.
  3570 | D:5      | Found an ornate altar of the Wu Jian Council.
  3646 | D:5      | Reached skill level 4 in Ranged Weapons
  3715 | D:5      | Noticed Grinder
  3844 | Temple   | Entered the Ecumenical Temple
  3932 | Temple   | Became a worshipper of Vehumet
  4046 | D:5      | Reached skill level 2 in Conjurations
  4271 | D:5      | You fall into a shaft and drop 1 floor!
  4323 | D:6      | Reached skill level 3 in Stealth
  4442 | D:6      | Identified a +2 robe of resistance
  4508 | D:6      | Reached XP level 9. HP: 37/62 MP: 3/14
  4604 | D:6      | Reached skill level 4 in Transmutations
  4778 | D:6      | Reached skill level 1 in Throwing
  4859 | D:6      | Reached skill level 3 in Evocations
  4965 | D:6      | Reached skill level 3 in Conjurations
  4965 | D:6      | Reached skill level 6 in Poison Magic
  5033 | D:6      | Reached skill level 4 in Air Magic
  5043 | D:6      | Learned a level 5 spell: Arcjolt
  5052 | D:6      | Found a glowing golden altar of the Shining One.
  5380 | D:6      | Reached * piety under Vehumet
  5380 | D:6      | Offered knowledge of Sandblast by Vehumet.
  5392 | D:6      | Reached skill level 4 in Spellcasting
  5740 | D:6      | Reached skill level 5 in Ranged Weapons
  5922 | D:6      | Reached skill level 3 in Fighting
  5930 | D:6      | Noticed a troll
  6096 | D:6      | Reached XP level 10. HP: 70/70 MP: 4/16
  6338 | D:6      | Reached skill level 2 in Throwing
  6731 | D:6      | Reached skill level 5 in Transmutations
  6745 | D:6      | Reached skill level 4 in Conjurations
  6983 | D:6      | Reached ** piety under Vehumet
  6983 | D:6      | Offered knowledge of Freeze by Vehumet.
  7131 | D:6      | Reached skill level 5 in Air Magic
  7309 | D:5      | Paralysed by Grinder for 4 turns
  7321 | D:5      | Killed Grinder
  7322 | D:5      | Reached skill level 4 in Stealth
  7413 | D:5      | Found an ancient bone altar of Kikubaaqudgha.
  7522 | D:7      | Reached skill level 5 in Spellcasting
  7786 | D:7      | HP: 1/60 [wight/+0 war axe (10)]
  7787 | D:7      | Slain by a wight

Vanquished Creatures
  A troll (D:6)
  A hornet (D:4)
  Grinder (D:5)
  Sigmund (D:5)
  3 orc warriors (D:6)
  An ice beast (D:5)
  8 ogres
  2 centaurs
  A phantom (D:6)
  3 gnoll sergeants (D:6)
  2 bullfrogs
  2 necrophages
  Blork the orc (D:5)
  A scorpion (D:6)
  3 wights (D:7)
  3 vampire bats (D:5)
  8 killer bees (D:7)
  6 howler monkeys (D:6)
  10 orc priests (D:6)
  14 hounds
  3 jellies
  A human zombie (D:3)
  2 gnoll boudas (D:6)
  Jessica (D:2)
  2 iguanas (D:6)
  9 orc wizards (D:6)
  6 gnolls
  6 adders
  A shadow imp (D:5)
  An ufetubus (D:5)
  2 worms
  2 dart slugs
  11 orcs
  4 bat skeletons (D:5)
  A bat zombie (D:5)
  9 endoplasms
  5 giant cockroaches
  6 goblins
  6 hobgoblins
  8 jackals
  4 kobolds
  3 quokkas
  6 ball pythons
  3 bats
  3 frilled lizards
  A jackal skeleton (D:3)
  4 rats
182 creatures vanquished.

Vanquished Creatures (others)
  2 plants (D:6)
2 creatures vanquished.

Grand Total: 184 creatures vanquished

Table legend: (Time is in decaauts)
 A = Elapsed time spent in this place.
 B = Non-inter-level travel time spent in this place.
 C = Inter-level travel time spent in this place.
 D = Time resting spent in this place.
 E = Time spent auto-exploring this place.
 F = Levels seen in this place.
 G = Mean time per level.
                   A        B        C        D        E       F      G
               +--------+--------+--------+--------+--------+-----+--------+
         Total |   7991 |   7729 |    262 |    412 |   5247 |   8 |  998.9 |
       Dungeon |   7881 |   7639 |    242 |    412 |   5177 |   7 | 1125.9 |
        Temple |    109 |     89 |     20 |      0 |     70 |   1 |  109.0 |
               +--------+--------+--------+--------+--------+-----+--------+

Top non-repeatable levels by time:
     D:6: 3081 daAuts
     D:5: 1606 daAuts
     D:1: 797 daAuts
     D:3: 779 daAuts
     D:4: 745 daAuts
     D:2: 582 daAuts
     D:7: 288 daAuts
  Temple: 109 daAuts

Table legend:
 A = Non-vault XP
 B = Vault XP
 C = Vault XP percentage of total XP
 D = Non-vault monster count
 E = Vault monster count
 F = Vault count percentage of total count
                 A         B        C        D         E       F
            +---------+---------+-------+---------+---------+-------
      Total |    2823 |    4098 |  59.2 |     108 |      74 |  40.7
            +---------+---------+-------+---------+---------+-------
        D:1 |      50 |       0 |   0.0 |      22 |       0 |   0.0
        D:2 |      38 |      37 |  49.3 |      15 |       1 |   6.2
        D:3 |      71 |      43 |  37.7 |      14 |       2 |  12.5
        D:4 |     464 |      12 |   2.5 |      18 |       4 |  18.2
        D:5 |     554 |     764 |  58.0 |      10 |      12 |  54.5
        D:6 |     737 |    3242 |  81.5 |      16 |      55 |  77.5
        D:7 |     909 |       0 |   0.0 |      13 |       0 |   0.0
            +---------+---------+-------+---------+---------+-------
